[Event "Titled Tuesday Blitz May 23 Late 2023"]
[White "Zampronha, Wladimir Camilo"]
[Black "Pires, Marcos Vinicius Torsani"]
[WhiteFideId "2103087"]
[BlackFideId "2118939"]
[WhiteElo "2176"]
[BlackElo "2273"]
[Result "0-1"]
[Round "06"]
[TimeControl "180+2"]
[Date "2023.05.23"]
[WhiteClock "0:00:33"]
[BlackClock "0:00:36"]

1. e4 c5 2. Nf3 g6 3. d4 cxd4 4. Nxd4 Nc6 5. Nc3 Bg7 6. Be3 Nf6 7. Bc4 O-O 8. Bb3 Re8 9. O-O d6 10. h3 Bd7 11. Re1 a6 12. Qd2 Rc8 13. Rad1 Na5 14. Qe2 b5 15. Bc1 Nc4 16. Nd5 Nxd5 17. exd5 Qb6 18. c3 Qc5 19. Nc2 Bf5 20. Ne3 Nxe3 21. Bxe3 Qc7 22. Bd4 Bxd4 23. Rxd4 Qc5 24. g4 Bd7 25. Re4 Qc7 26. Kf1 b4 27. Rxe7 Rxe7 28. Qxe7 Re8 29. Qf6 Bb5+ 30. c4 Bxc4+ 0-1


[Site "https://www.chess.com"]

[Event "Titled Tuesday Blitz May 23 Late 2023"]
[White "Golubev, Mikhail"]
[Black "KVAIDAN"]
[WhiteFideId "14100983"]
[WhiteElo "2374"]
[BlackElo "2297"]
[Result "1-0"]
[Round "06"]
[TimeControl "180+2"]
[Date "2023.05.23"]
[WhiteClock "0:00:21"]
[BlackClock "0:02:00"]

1. e4 e5 2. Nf3 d5 3. Nxe5 Bd6 4. d4 dxe4 5. Nc4 Nf6 6. Be2 O-O 7. Nxd6 Qxd6 8. O-O Nc6 9. Be3 Nd5 10. c4 Nxe3 11. fxe3 Qh6 12. Rf4 Ne7 13. Qd2 f5 14. Rf2 Ng6 15. g3 Be6 16. Nc3 Rad8 17. Raf1 c5 18. d5 Ne5 19. Nxe4 b6 20. Nc3 g6 21. Qc1 a6 22. dxe6 Nd3 23. Bxd3 Rxd3 24. Nd5 Re8 25. Nf6+ Kf8 26. Nxe8 Kxe8 27. Rd1 Qxe3 28. Qxe3 Rxe3 29. Kf1 Rxe6 30. Re2 Ke7 31. Rxe6+ Kxe6 32. b3 b5 33. Kf2 bxc4 34. bxc4 g5 35. Rd5 h5 36. Rxc5 Kd6 37. Ra5 Ke6 38. Rxa6+ Ke5 39. Ra5+ Ke4 40. c5 Kd5 41. c6+ Kxc6 42. Rxf5 g4 43. Rxh5 Kd6 44. Rg5 Ke6 45. Rxg4 Kf6 46. Rf4+ Ke5 47. h4 1-0


[Site "https://www.chess.com"]

[Event "Titled Tuesday Blitz May 23 Late 2023"]
[White "Wang, Alexander J"]
[Black "Perez Rodriguez, Jennifer"]
[WhiteFideId "30955270"]
[BlackFideId "3507831"]
[WhiteElo "2284"]
[BlackElo "2116"]
[Result "0-1"]
[Round "06"]
[TimeControl "180+2"]
[Date "2023.05.23"]
[WhiteClock "0:01:10"]
[BlackClock "0:01:56"]

1. e4 e5 2. Nf3 Nc6 3. Bb5 f5 4. d3 fxe4 5. dxe4 Nf6 6. Nc3 Bb4 7. Bg5 d6 8. O-O Bxc3 9. bxc3 O-O 10. Bc4+ Kh8 11. h3 Qe8 12. Re1 Qg6 13. Qd3 Nh5 14. Bd5 Bd7 15. h4 Nf4 16. Bxf4 Rxf4 17. Rab1 Raf8 18. Kf1 b6 19. Qb5 Nb8 20. Qe2 Bg4 0-1


[Site "https://www.chess.com"]

[Event "Titled Tuesday Blitz May 23 Late 2023"]
[White "Vega Gutierrez, Sabrina"]
[Black "Chakravarthi Reddy, M"]
[WhiteFideId "2219026"]
[BlackFideId "25009532"]
[WhiteElo "2209"]
[BlackElo "2201"]
[Result "0-1"]
[Round "06"]
[TimeControl "180+2"]
[Date "2023.05.23"]
[WhiteClock "0:00:00"]
[BlackClock "0:01:13"]

1. e4 e5 2. Nf3 Nc6 3. Nc3 Nf6 4. g3 d5 5. exd5 Nxd5 6. Bg2 Be6 7. O-O Be7 8. Re1 Bf6 9. Ne4 O-O 10. d3 Be7 11. Neg5 Bg4 12. h3 Bxg5 13. hxg4 Bxc1 14. Rxc1 Re8 15. a3 Qd6 16. Nd2 Rad8 17. Ne4 Qg6 18. g5 Nd4 19. c3 Ne6 20. Qd2 b6 21. Rcd1 c5 22. Bh3 h6 23. gxh6 f5 24. hxg7 fxe4 25. Rxe4 Ng5 26. Rh4 Nf3+ 0-1


[Site "https://www.chess.com"]

[Event "Titled Tuesday Blitz May 23 Late 2023"]
[White "Arencibia Monduy, Antonio"]
[Black "ritanovikova"]
[WhiteFideId "3507939"]
[WhiteElo "2410"]
[BlackElo "2174"]
[Result "1-0"]
[Round "06"]
[TimeControl "180+2"]
[Date "2023.05.23"]
[WhiteClock "0:00:23"]
[BlackClock "0:00:42"]

1. e4 d5 2. exd5 Qxd5 3. Nc3 Qd6 4. Nf3 Nf6 5. Be2 Bg4 6. O-O a6 7. Re1 e6 8. d4 Be7 9. h3 Bh5 10. Bg5 Nbd7 11. Qd2 h6 12. Bf4 Qb6 13. d5 O-O-O 14. Be3 Bc5 15. Na4 Qa7 16. Nxc5 Nxc5 17. b4 Rxd5 18. Qc1 g5 19. Bxc5 b6 20. Be3 g4 21. hxg4 Nxg4 22. c4 Rf5 23. Nh4 Nxe3 24. Qxe3 Rg5 25. f4 Bxe2 26. fxg5 hxg5 27. Rxe2 Rxh4 28. Qxg5 Rh8 29. c5 Qb7 30. Rd1 Qc6 31. Qe5 Rg8 32. Qe4 Qa4 33. Qa8# 1-0


[Site "https://www.chess.com"]

[Event "Titled Tuesday Blitz May 23 Late 2023"]
[White "Prydun, Andriy"]
[Black "Djordjevic, Dejan N"]
[WhiteFideId "14145898"]
[BlackFideId "913316"]
[WhiteElo "2164"]
[BlackElo "2261"]
[Result "1-0"]
[Round "06"]
[TimeControl "180+2"]
[Date "2023.05.23"]
[WhiteClock "0:00:23"]
[BlackClock "0:00:00"]

1. e4 c5 2. Nf3 Nc6 3. Bb5 g6 4. O-O Bg7 5. Bxc6 dxc6 6. h3 e5 7. d3 Qc7 8. Nc3 Nf6 9. Bg5 h6 10. Be3 b6 11. a4 a5 12. Nd2 Rb8 13. f4 Nd7 14. Nc4 O-O 15. f5 Re8 16. fxg6 fxg6 17. Qg4 Nf8 18. Qh4 Kh7 19. Rf3 Be6 20. Raf1 Qe7 21. Qg3 Bg8 22. h4 Nd7 23. h5 g5 24. Qh3 Be6 25. Qh2 Rf8 26. Ne2 Bg4 27. Rxf8 Rxf8 28. Ng3 Rxf1+ 29. Nxf1 Bd1 30. g3 Qf7 31. Qf2 Qxf2+ 32. Kxf2 Bxc2 33. Nfd2 Bxd3 34. g4 Bc2 35. b3 Bf8 36. Ke2 b5 37. axb5 cxb5 38. Nxa5 Nf6 39. Kf3 Bd6 40. Nb7 Be7 41. Bxc5 Bxc5 42. Nxc5 Kg7 43. b4 Kf7 44. Na6 Ke7 45. Nc7 Bd3 46. Nd5+ Nxd5 47. exd5 Kd6 48. Ne4+ Kxd5 49. Nf6+ Kc4 50. Ng8 Kxb4 51. Nxh6 Kc3 52. Nf5 b4 53. h6 b3 54. h7 b2 55. h8=Q b1=Q 56. Qxe5+ Kb4 57. Qd4+ Bc4 58. Ne3 1-0


[Site "https://www.chess.com"]

[Event "Titled Tuesday Blitz May 23 Late 2023"]
[White "Kirillov, Dmitry"]
[Black "coquitovich"]
[WhiteFideId "34180572"]
[WhiteElo "2161"]
[BlackElo "2154"]
[Result "1-0"]
[Round "06"]
[TimeControl "180+2"]
[Date "2023.05.23"]
[WhiteClock "0:00:08"]
[BlackClock "0:00:11"]

1. e4 g6 2. d4 b6 3. Bc4 Bg7 4. Nc3 Bb7 5. Nf3 e6 6. Bf4 Ne7 7. Qd2 h6 8. h3 d6 9. O-O Nd7 10. Rfe1 a6 11. a4 Nf8 12. Rad1 g5 13. Bh2 Nfg6 14. d5 e5 15. Bd3 Qd7 16. b3 Nf4 17. Bxf4 gxf4 18. Qe2 Bf6 19. Nh2 h5 20. Nb1 Ng6 21. Nd2 Nh4 22. Kh1 Kd8 23. Rg1 Kc8 24. a5 b5 25. b4 Kb8 26. c4 bxc4 27. Nxc4 Ka7 28. f3 Rag8 29. b5 Rg3 30. bxa6 Bc8 31. Rb1 Rhg8 32. Qf2+ Ka8 33. Nb6+ cxb6 34. Qxb6 Qa7 35. Qc6+ Bb7 36. axb7+ Kb8 37. Qxd6# 1-0


[Site "https://www.chess.com"]

[Event "Titled Tuesday Blitz May 23 Late 2023"]
[White "Zaitsev, Alexander"]
[Black "Osiecki, Stanislaw"]
[WhiteFideId "4164490"]
[BlackFideId "1102990"]
[WhiteElo "2373"]
[BlackElo "2088"]
[Result "1-0"]
[Round "06"]
[TimeControl "180+2"]
[Date "2023.05.23"]
[WhiteClock "0:00:16"]
[BlackClock "0:00:00"]

1. e4 e6 2. d4 d5 3. Nc3 Bb4 4. e5 c5 5. Bd2 Bxc3 6. Bxc3 cxd4 7. Qxd4 Nc6 8. Qg4 Kf8 9. Nf3 h5 10. Qf4 Nge7 11. Bd3 Kg8 12. O-O-O Bd7 13. g4 Ng6 14. Bxg6 fxg6 15. gxh5 gxh5 16. Rhg1 Qf8 17. Qg3 Ne7 18. Nh4 Qf7 19. Bb4 Nf5 20. Nxf5 exf5 21. Rxd5 Be6 22. Rd6 Rh7 23. f4 Rc8 24. Rgd1 Rh6 25. Qg5 Qg6 26. Qe7 Kh7 27. Bc3 Re8 28. Qxb7 Qg4 29. Bd2 Rg6 30. b3 1-0


[Site "https://www.chess.com"]

[Event "Titled Tuesday Blitz May 23 Late 2023"]
[White "Sailer, Mike"]
[Black "Gasparyan, David"]
[WhiteFideId "2012901"]
[BlackFideId "13311980"]
[WhiteElo "2109"]
[BlackElo "2399"]
[Result "0-1"]
[Round "06"]
[TimeControl "180+2"]
[Date "2023.05.23"]
[WhiteClock "0:00:00"]
[BlackClock "0:00:16"]

1. d4 Nf6 2. Bg5 Ne4 3. Bf4 d5 4. f3 Nf6 5. Nc3 a6 6. e4 e6 7. e5 Nfd7 8. a3 c5 9. dxc5 Bxc5 10. Bd3 Qb6 11. Nge2 Nc6 12. Na4 Qa5+ 13. c3 Ba7 14. b4 Qc7 15. Bc2 b5 16. Nc5 Nxc5 17. bxc5 Bxc5 18. Nd4 Qb6 19. Be3 Nxe5 20. O-O Nc4 21. Bf2 O-O 22. Qd3 f5 23. f4 Nd6 24. Qg3 Rf6 25. Qg5 Rg6 26. Qe7 Ra7 27. Qh4 Ne4 28. Bxe4 dxe4 29. a4 Bb7 30. axb5 e3 31. Bxe3 Rxg2+ 32. Kh1 Rg4+ 0-1


[Site "https://www.chess.com"]

[Event "Titled Tuesday Blitz May 23 Late 2023"]
[White "Estrada Nieto, Julian"]
[Black "a-z30"]
[WhiteFideId "5101018"]
[WhiteElo "2161"]
[BlackElo "2399"]
[Result "0-1"]
[Round "06"]
[TimeControl "180+2"]
[Date "2023.05.23"]
[WhiteClock "0:00:25"]
[BlackClock "0:01:08"]

1. e4 d6 2. d4 Nf6 3. Nc3 g6 4. Nf3 Bg7 5. Be2 O-O 6. O-O Bg4 7. Be3 Nc6 8. d5 Bxf3 9. Bxf3 Ne5 10. Be2 c6 11. a4 cxd5 12. exd5 Qa5 13. Bd4 Rfc8 14. Re1 Nc4 15. Bxc4 Rxc4 16. Rxe7 Nxd5 17. Nxd5 Rxd4 18. Qf3 Qxd5 19. Qxd5 Rxd5 20. Rxb7 a5 21. Re1 Kf8 22. g3 Re8 23. Rxe8+ Kxe8 24. Kf1 Rd4 25. b3 Rd2 26. Rb5 Bc3 27. Rb6 Ke7 28. Rc6 Rxc2 29. Rc7+ Ke6 30. Kg2 Rc1 31. Kf3 Bd2 32. Rb7 Bb4 33. Kg4 h6 34. f4 Rc3 35. Rb5 Rxb3 36. h4 f5+ 37. Kh3 Ra3 38. h5 gxh5 39. Kh4 Rxa4 40. Kxh5 Ra3 41. Kh4 Be1 42. Kh5 Bxg3 43. Kxh6 Bxf4+ 44. Kg6 Be5 0-1


[Site "https://www.chess.com"]

[Event "Titled Tuesday Blitz May 23 Late 2023"]
[White "Ismayil, Malak"]
[Black "Ottosen, David"]
[WhiteFideId "13412604"]
[BlackFideId "2603080"]
[WhiteElo "1868"]
[BlackElo "2044"]
[Result "1-0"]
[Round "06"]
[TimeControl "180+2"]
[Date "2023.05.23"]
[WhiteClock "0:01:26"]
[BlackClock "0:00:53"]

1. e4 e6 2. d4 d5 3. Nd2 Be7 4. Bd3 c5 5. dxc5 Bxc5 6. Ngf3 Nf6 7. O-O Nc6 8. Qe2 dxe4 9. Nxe4 Nxe4 10. Qxe4 Bd7 11. Bg5 Be7 12. Bxe7 Qxe7 13. Rfe1 Rc8 14. a3 Na5 15. b4 Bc6 16. Qg4 Bxf3 17. Qxf3 Nc6 18. Qg4 O-O 19. Re3 Rfd8 20. Rg3 g6 21. Qf4 e5 22. Qh6 Nd4 23. Rh3 f5 24. c4 e4 25. Bf1 Nc2 26. Rc1 Rd2 27. Qxd2 1-0


[Site "https://www.chess.com"]

[Event "Titled Tuesday Blitz May 23 Late 2023"]
[White "Lalanne, Pablo"]
[Black "Bruedigam, Martin"]
[WhiteFideId "112151"]
[BlackFideId "24608033"]
[WhiteElo "2120"]
[BlackElo "2331"]
[Result "1-0"]
[Round "06"]
[TimeControl "180+2"]
[Date "2023.05.23"]
[WhiteClock "0:00:07"]
[BlackClock "0:00:00"]

1. e4 c6 2. d4 d5 3. Nd2 dxe4 4. Nxe4 Bf5 5. Ng3 Bg6 6. h4 h6 7. Nf3 Nd7 8. h5 Bh7 9. Bd3 Bxd3 10. Qxd3 e6 11. Bd2 Ngf6 12. O-O-O Be7 13. Ne4 Nxe4 14. Qxe4 Nf6 15. Qe2 Qd5 16. Kb1 Qb5 17. c4 Qf5+ 18. Ka1 Ng4 19. Bc3 O-O 20. Rh3 b5 21. cxb5 cxb5 22. Ne5 Nxe5 23. dxe5 b4 24. g4 Qh7 25. Bd2 Rfd8 26. Be3 Qe4 27. f4 Rxd1+ 28. Qxd1 Rd8 29. Qc1 Qg2 30. Rh1 a6 31. Rg1 Qe4 32. g5 hxg5 33. fxg5 Qxe5 34. h6 gxh6 35. gxh6+ Kh8 36. Bf4 Qf6 37. Bg5 Qxg5 38. Rxg5 Bxg5 39. Qe1 Bxh6 40. a3 bxa3 41. bxa3 Rd5 42. Ka2 a5 43. Qe4 Bg5 44. Qc4 Kg7 45. Qc7 Kf6 46. Qc4 Kg7 47. a4 Bf6 48. Qc7 Be5 49. Qc6 Bd4 50. Qc2 f5 51. Qg2+ Kf6 52. Qh2 Be5 53. Qh6+ Ke7 54. Kb3 Bf6 55. Qh7+ Kd6 56. Qf7 Bd4 57. Qf8+ Ke5 58. Qb8+ Ke4 59. Qg3 f4 60. Qg6+ Ke5 61. Qg5+ Ke4 62. Qg6+ Rf5 63. Qxe6+ Re5 64. Qc6+ Ke3 65. Qc1+ Ke4 66. Qe1+ Kf5 67. Qb1+ Kg5 68. Qh1 1-0


[Site "https://www.chess.com"]

[Event "Titled Tuesday Blitz May 23 Late 2023"]
[White "Romero Ruscalleda, Josep"]
[Black "Vovk, Orest"]
[WhiteFideId "2231859"]
[BlackFideId "14113490"]
[WhiteElo "2183"]
[BlackElo "2215"]
[Result "0-1"]
[Round "06"]
[TimeControl "180+2"]
[Date "2023.05.23"]
[WhiteClock "0:00:21"]
[BlackClock "0:00:08"]

1. e4 g5 2. d4 g4 3. Qxg4 d5 4. Qe2 dxe4 5. Qxe4 Nf6 6. Qd3 Nc6 7. c3 Qd5 8. Nf3 Bg4 9. Be2 O-O-O 10. Be3 Rg8 11. Qc4 Bxf3 12. gxf3 e5 13. Qxd5 Nxd5 14. dxe5 Nxe5 15. Nd2 Nxe3 16. fxe3 Bc5 17. Nf1 Rg2 18. Rd1 Re8 19. Rd5 Bb6 20. c4 c6 21. Rd2 Ba5 22. b3 Bxd2+ 23. Nxd2 Nd3+ 24. Bxd3 Rxe3+ 25. Kf1 Rxd2 26. Be4 Rc3 27. Ke1 Rxa2 28. Kd1 Rxb3 29. Kc1 Ra1+ 30. Kc2 Rxh1 31. Kxb3 Rxh2 32. Kb4 Kc7 33. Kc5 h5 34. Kd4 Kd6 35. c5+ Ke7 36. Ke5 h4 37. Kf4 Rg2 38. Ke5 h3 39. f4 Re2 40. f5 h2 41. f6+ Kd7 42. Kf4 Rxe4+ 0-1


[Site "https://www.chess.com"]

[Event "Titled Tuesday Blitz May 23 Late 2023"]
[White "Pace, Christopher"]
[Black "Mazurkiewicz, Michal"]
[WhiteFideId "2610167"]
[BlackFideId "1124943"]
[WhiteElo "2286"]
[BlackElo "2054"]
[Result "0-1"]
[Round "06"]
[TimeControl "180+2"]
[Date "2023.05.23"]
[WhiteClock "0:00:01"]
[BlackClock "0:01:45"]

1. d4 Nf6 2. c3 g6 3. Nd2 d5 4. Ngf3 Bg7 5. g3 O-O 6. Bg2 Bf5 7. O-O c6 8. Nh4 Bd7 9. Re1 Re8 10. e4 dxe4 11. Nxe4 Nxe4 12. Bxe4 e5 13. dxe5 Bxe5 14. Nf3 Bg7 15. Bf4 Na6 16. Qd6 Bg4 17. Qxd8 Raxd8 18. Kg2 Nc5 19. Bc2 h6 20. Ne5 Be6 21. Nf3 Nd3 22. Bxd3 Rxd3 23. Rad1 Red8 24. Rxd3 Rxd3 25. Re3 Rxe3 26. Bxe3 Bd5 27. g4 Be5 28. h4 h5 29. gxh5 gxh5 30. Bxa7 Kh7 31. Bd4 Bb8 32. Bf6 Kg6 33. Bg5 Kf5 34. Be3 Kg4 0-1


[Site "https://www.chess.com"]

[Event "Titled Tuesday Blitz May 23 Late 2023"]
[White "Mikhalsky, Vladimir"]
[Black "olga-belka"]
[WhiteFideId "14144352"]
[WhiteElo "2236"]
[BlackElo "2259"]
[Result "1/2-1/2"]
[Round "06"]
[TimeControl "180+2"]
[Date "2023.05.23"]
[WhiteClock "0:00:10"]
[BlackClock "0:00:06"]

1. d4 Nf6 2. c4 g6 3. f3 d5 4. cxd5 Nxd5 5. e4 Nb6 6. Nc3 Bg7 7. Be3 O-O 8. Qd2 c5 9. dxc5 Qxd2+ 10. Kxd2 N6d7 11. Kc2 Na6 12. Bxa6 bxa6 13. b4 Bb7 14. Nge2 e6 15. Bd4 Rfc8 16. Bxg7 Kxg7 17. Rhd1 Ne5 18. Kb3 a5 19. a3 Ba6 20. f4 Bc4+ 21. Kc2 Nc6 22. b5 Ne7 23. c6 a4 24. Rd7 Kf8 25. Nd4 a6 26. Rxe7 Kxe7 27. b6 Rab8 28. b7 Rc7 29. Nxa4 Bb5 30. Nc5 Bxc6 31. Nxa6 Bxe4+ 32. Kd2 Rcxb7 33. Nxb8 Rxb8 34. g4 Rb2+ 35. Ke3 Bd5 36. h4 Rh2 37. a4 Rxh4 38. g5 Rh3+ 39. Ke2 h6 40. gxh6 Rxh6 41. a5 Rh2+ 42. Kd3 Rf2 43. Ke3 Rh2 44. a6 Rh3+ 45. Kd2 f6 46. a7 Rh8 47. Nb5 e5 48. Nc7 Ba8 49. fxe5 fxe5 50. Ke3 Kd7 51. Nxa8 Rxa8 52. Ke4 Kc7 53. Kxe5 Kb7 54. Kd6 Rxa7 55. Rb1+ Kc8 56. Ke6 Ra6+ 57. Kf7 Kd7 58. Kg7 g5 59. Rf1 g4 60. Rg1 Ra4 61. Kf6 Kd6 62. Kf5 Kd5 63. Kg5 Ke5 64. Kh4 Kf5 65. Rf1+ Kg6 66. Rb1 Rc4 67. Rb6+ Kf5 68. Rb5+ Kg6 69. Rb6+ Kf5 70. Rb8 Kg6 71. Rg8+ Kf5 72. Re8 Kg6 73. Re5 Kf6 74. Rg5 Rb4 75. Rg8 Ra4 76. Rf8+ Kg7 77. Rf2 Kg6 78. Rc2 Kh6 79. Rc5 Kg6 80. Rg5+ Kh6 81. Rh5+ Kg6 82. Rb5 Kh6 83. Rb6+ Kg7 84. Kg5 Ra5+ 85. Kf4 Ra4+ 86. Kg3 Kf7 87. Kh4 Kg7 88. Rb3 Kg6 89. Re3 Kh6 90. Re6+ Kg7 91. Rb6 Kf7 92. Kg5 Ra5+ 93. Kxg4 Ra4+ 94. Kf5 Ra5+ 95. Ke4 Ra4+ 96. Kd5 Ra5+ 97. Kc6 Ra2 98. Rb5 Rc2+ 99. Rc5 Rxc5+ 100. Kxc5 1/2-1/2


[Site "https://www.chess.com"]

[Event "Titled Tuesday Blitz May 23 Late 2023"]
[White "zsizsi99"]
[Black "Parizek, Vojtech"]
[BlackFideId "360996"]
[WhiteElo "2397"]
[BlackElo "2115"]
[Result "0-1"]
[Round "06"]
[TimeControl "180+2"]
[Date "2023.05.23"]
[WhiteClock "0:00:00"]
[BlackClock "0:00:06"]

1. e4 c5 2. Nf3 d6 3. Bc4 g6 4. O-O Bg7 5. c3 Nf6 6. Re1 O-O 7. h3 e5 8. d4 cxd4 9. cxd4 Nc6 10. d5 Na5 11. Bf1 Bd7 12. b4 Nxe4 13. Rxe4 f5 14. Re1 e4 15. Nd4 Qb6 16. Nc2 Bxa1 17. Be3 Qc7 18. Nxa1 Nc4 19. Bh6 Rf7 20. Qd4 Ne5 21. Nb3 Re8 22. Rc1 Qd8 23. Qxa7 f4 24. Qd4 Qh4 25. Bxf4 Qxf4 26. Qe3 Qxe3 27. fxe3 Ref8 28. N1d2 Nd3 29. Bxd3 exd3 30. Ne4 Re7 31. Nbd2 Bf5 32. Nxd6 Rxe3 33. N6c4 Re2 34. Rf1 Rd8 35. g4 Be4 36. Nxe4 Rxe4 37. Nd2 Rd4 38. Rf6 R8xd5 39. Rb6 Rd7 40. a4 R4d6 41. Rb5 Re6 42. Kf1 Re2 43. Nf3 Rf7 0-1


[Site "https://www.chess.com"]

[Event "Titled Tuesday Blitz May 23 Late 2023"]
[White "Vaglio Munoz, Jaime"]
[Black "Cardozo Munar, Carlos Eduardo"]
[WhiteFideId "6500145"]
[BlackFideId "4409477"]
[WhiteElo "2199"]
[BlackElo "2067"]
[Result "1/2-1/2"]
[Round "06"]
[TimeControl "180+2"]
[Date "2023.05.23"]
[WhiteClock "0:00:11"]
[BlackClock "0:00:15"]

1. Nf3 Nf6 2. c4 g6 3. b3 Bg7 4. Bb2 O-O 5. g3 d6 6. d4 e5 7. dxe5 dxe5 8. Qxd8 Rxd8 9. Bxe5 Nc6 10. Bc3 Bg4 11. Bg2 Ne4 12. Bxg7 Kxg7 13. h3 Nb4 14. Na3 Be6 15. O-O Nc3 16. Rfe1 Ncxa2 17. Ng5 c6 18. Nxe6+ fxe6 19. Be4 Nc3 20. Bf3 Rd2 21. c5 Rad8 22. Nc4 Nc2 23. Nxd2 Nxe1 24. Nc4 Nxf3+ 25. exf3 a6 26. Nd6 Rd7 27. Re1 Kf6 28. Re3 Nd5 29. Re4 b6 30. b4 a5 31. bxa5 bxc5 32. Nc4 Nb4 33. g4 h6 34. f4 g5 35. fxg5+ hxg5 36. f4 gxf4 37. Rxf4+ Kg5 38. Re4 Rd4 39. Re5+ Kh4 40. Rxc5 Kxh3 41. Ne3 Rd3 42. Re5 Ra3 43. Rxe6 Rxa5 44. Nf5 Kxg4 45. Nd4 c5 46. Nb3 Ra8 47. Nxc5 Nd5 48. Re5 Nf4 49. Re4 Kf3 50. Re1 Rg8+ 51. Kh1 Rg5 52. Ne4 Rh5+ 53. Kg1 Ne2+ 54. Rxe2 Kxe2 55. Ng3+ Kf3 56. Nxh5 1/2-1/2


[Site "https://www.chess.com"]

[Event "Titled Tuesday Blitz May 23 Late 2023"]
[White "Schuster, Karsten"]
[Black "Ward, Ieuan C"]
[WhiteFideId "4611071"]
[BlackFideId "406627"]
[WhiteElo "2254"]
[BlackElo "2223"]
[Result "1-0"]
[Round "06"]
[TimeControl "180+2"]
[Date "2023.05.23"]
[WhiteClock "0:01:18"]
[BlackClock "0:00:06"]

1. Nf3 e6 2. d4 d5 3. c4 Nf6 4. cxd5 exd5 5. Nc3 Be7 6. Bg5 c6 7. e3 O-O 8. Bd3 Nbd7 9. Qc2 Re8 10. O-O Nf8 11. Rab1 a5 12. a3 g6 13. b4 axb4 14. axb4 Ne6 15. Bh4 Ng7 16. b5 Bf5 17. bxc6 bxc6 18. Rfc1 Bxd3 19. Qxd3 Nf5 20. Bg3 Nxg3 21. hxg3 Ba3 22. Rc2 Bd6 23. Ne2 Qd7 24. Rbc1 Rec8 25. Nf4 Ne4 26. Nd2 Nxd2 27. Qxd2 Bxf4 28. gxf4 Ra6 29. Rc5 Rca8 30. R5c2 Ra1 31. Qc3 Rxc1+ 32. Rxc1 Ra6 33. Rb1 Qc7 34. Qc5 Kg7 35. g3 h5 36. f5 g5 37. Kg2 Ra5 38. Qb6 Qxb6 39. Rxb6 c5 40. dxc5 Rxc5 41. Rd6 g4 42. Kf1 Rc1+ 43. Ke2 Rc2+ 44. Ke1 Rc5 45. Kd2 d4 46. e4 Rc4 47. Kd3 Ra4 48. Rxd4 Ra3+ 49. Ke2 Ra2+ 50. Rd2 Ra4 51. Ke3 Kf6 52. Kf4 Ra6 53. e5+ Kg7 54. Kg5 Ra5 55. Re2 1-0


[Site "https://www.chess.com"]

[Event "Titled Tuesday Blitz May 23 Late 2023"]
[White "Della Corte, Alessandro"]
[Black "Hartikainen, Jarmo"]
[WhiteFideId "813540"]
[BlackFideId "503134"]
[WhiteElo "2205"]
[BlackElo "2086"]
[Result "1-0"]
[Round "06"]
[TimeControl "180+2"]
[Date "2023.05.23"]
[WhiteClock "0:01:42"]
[BlackClock "0:00:04"]

1. d4 Nf6 2. c4 e6 3. Nf3 b6 4. a3 Bb7 5. Nc3 Be7 6. d5 exd5 7. cxd5 d6 8. e4 Nbd7 9. Bd3 a5 10. O-O O-O 11. Nd4 Nc5 12. Bc2 Re8 13. Bg5 Nfxe4 14. Bxe7 Qxe7 15. Re1 Nxc3 16. Bxh7+ Kh8 17. bxc3 Qxe1+ 18. Qxe1 Rxe1+ 19. Rxe1 Kxh7 20. Re7 Na6 21. c4 Rf8 22. Nb5 Kg8 23. Nxd6 cxd6 24. Rxb7 Nc5 25. Rxb6 Rd8 26. h4 a4 27. g4 g6 28. Kg2 Kf8 29. Kg3 Ke7 30. f3 Kd7 31. Rb1 Kc7 32. Re1 Kd7 33. h5 gxh5 34. gxh5 Rh8 35. Kg4 Nd3 36. Rb1 Ne5+ 37. Kg5 Nxf3+ 38. Kf4 Ne5 39. Kg5 Nxc4 40. Rb7+ Kc8 41. Ra7 Nxa3 42. Ra8+ Kd7 43. Rxh8 Nb5 44. Ra8 a3 45. h6 a2 46. Rxa2 Nc3 47. Ra7+ Ke8 48. h7 Nxd5 49. h8=Q# 1-0


[Site "https://www.chess.com"]

[Event "Titled Tuesday Blitz May 23 Late 2023"]
[White "Thiel, Thomas"]
[Black "Toncheva, Nadya"]
[WhiteFideId "4615964"]
[BlackFideId "2924056"]
[WhiteElo "2229"]
[BlackElo "2101"]
[Result "0-1"]
[Round "06"]
[TimeControl "180+2"]
[Date "2023.05.23"]
[WhiteClock "0:00:04"]
[BlackClock "0:01:00"]

1. e4 c5 2. Nc3 Nc6 3. Bb5 Nd4 4. Bc4 e6 5. Nge2 a6 6. d3 Nc6 7. O-O g6 8. d4 cxd4 9. Nxd4 Bg7 10. Nxc6 bxc6 11. Bf4 d5 12. exd5 cxd5 13. Bb3 Ne7 14. Qd2 O-O 15. Bh6 Nf5 16. Bxg7 Kxg7 17. Ne2 Qf6 18. c3 Bb7 19. Nd4 Nd6 20. f4 Ne4 21. Qe3 Rfe8 22. Bc2 Rab8 23. Bxe4 dxe4 24. Rad1 e5 25. fxe5 Qxe5 26. Rf4 Rbd8 27. Rdf1 Rd7 28. h3 Bd5 29. R1f2 Bxa2 30. b3 Bb1 31. Nc6 Qd6 32. Nb4 a5 33. Na2 Bxa2 34. Rxa2 Qd1+ 35. Kh2 Qxb3 36. Rxa5 Qb8 37. g3 Rd3 38. Qf2 Re7 39. Ra4 e3 40. Qf3 Rd2+ 0-1


[Site "https://www.chess.com"]

[Event "Titled Tuesday Blitz May 23 Late 2023"]
[White "Clawitter, Craig"]
[Black "Remolar Gallen, Jose"]
[WhiteFideId "2023105"]
[BlackFideId "2215187"]
[WhiteElo "2225"]
[BlackElo "2223"]
[Result "0-1"]
[Round "06"]
[TimeControl "180+2"]
[Date "2023.05.23"]
[WhiteClock "0:00:02"]
[BlackClock "0:00:12"]

1. e4 c5 2. Nf3 d6 3. d4 cxd4 4. Nxd4 Nf6 5. Nc3 a6 6. Be3 e5 7. Nb3 Be7 8. f3 Be6 9. Qd2 h5 10. Be2 Nbd7 11. Nd5 Nxd5 12. exd5 Bf5 13. O-O Qc7 14. c4 a5 15. Rac1 O-O 16. f4 exf4 17. Rxf4 Bg6 18. Nd4 Nc5 19. Nb5 Qd8 20. Rcf1 Ne4 21. Rxe4 Bxe4 22. Bxh5 Bf6 23. Bd4 Bxd4+ 24. Qxd4 Bh7 25. Qf4 Rc8 26. Bxf7+ Kh8 27. Qg4 Qe7 28. Qh5 Rxc4 29. h3 g6 30. Bxg6 Rxf1+ 31. Kxf1 Rc1+ 32. Kf2 Qf6+ 33. Ke3 Qxg6 34. Qxg6 Bxg6 35. Nxd6 Rc2 36. Ne4 Bxe4 37. Kxe4 Rxg2 38. d6 Rxb2 39. d7 Rd2 0-1


[Site "https://www.chess.com"]

[Event "Titled Tuesday Blitz May 23 Late 2023"]
[White "Moral Garcia, Serafin"]
[Black "Almedina Ortiz, Edgardo J."]
[WhiteFideId "2201925"]
[BlackFideId "3100197"]
[WhiteElo "2274"]
[BlackElo "2217"]
[Result "1-0"]
[Round "06"]
[TimeControl "180+2"]
[Date "2023.05.23"]
[WhiteClock "0:00:16"]
[BlackClock "0:00:00"]

1. c4 c5 2. Nc3 Nc6 3. g3 g6 4. Bg2 Bg7 5. a3 d6 6. Rb1 Qd7 7. b4 Rb8 8. e3 b6 9. Nge2 Bb7 10. O-O Nh6 11. d4 cxd4 12. exd4 Nf5 13. Be3 O-O 14. Qd2 Rbc8 15. Rbc1 e6 16. Rfd1 Nxe3 17. fxe3 Ne7 18. Qd3 Bxg2 19. Kxg2 Qc6+ 20. Kg1 Bh6 21. Ne4 Nf5 22. Nf4 Kh8 23. d5 exd5 24. Nxd5 Rce8 25. Re1 Re6 26. Nf2 Rfe8 27. Ng4 Bg7 28. e4 Nd4 29. Nf2 f5 30. Rcd1 fxe4 31. Rxe4 1-0


[Site "https://www.chess.com"]

[Event "Titled Tuesday Blitz May 23 Late 2023"]
[White "merinasian"]
[Black "Kovacevic, Radmila"]
[BlackFideId "933171"]
[WhiteElo "2441"]
[BlackElo "2194"]
[Result "1-0"]
[Round "06"]
[TimeControl "180+2"]
[Date "2023.05.23"]
[WhiteClock "0:00:34"]
[BlackClock "0:00:01"]

1. d4 e5 2. dxe5 Nc6 3. Nf3 Qe7 4. Bf4 Qb4+ 5. Bd2 Qxb2 6. Nc3 Bb4 7. Rb1 Qxc3 8. Bxc3 Bxc3+ 9. Nd2 Bxe5 10. g3 Nf6 11. Bg2 d5 12. O-O O-O 13. c4 Rd8 14. cxd5 Nxd5 15. Nc4 Be6 16. Nxe5 Nxe5 17. Qc2 b6 18. Rfd1 c6 19. e4 Ne7 20. f4 Nc4 21. Qc3 b5 22. f5 Bd7 23. Bf1 Nb6 24. Rd2 Be8 25. Rbd1 Rxd2 26. Rxd2 f6 27. Qc5 Kf7 28. g4 h6 29. h4 Rb8 30. Qd6 Rc8 31. e5 Nbd5 32. e6+ Kf8 33. Bg2 Nb6 34. g5 hxg5 35. hxg5 fxg5 36. Rf2 Nc4 37. Qh2 Ng8 38. f6 gxf6 39. Qh8 Bg6 40. Rxf6+ Ke7 41. Qg7+ Kd6 42. Rxg6 Ne7 43. Qd4+ Kc7 44. Rg7 1-0


[Site "https://www.chess.com"]